 Dungeon Crawl Stone Soup version 0.30-a0-557-ge2afbf3030 (webtiles) character file.

Game seed: 2255228453299158821

525 sokol815 the Slicer (level 7, -6/41 HPs)
             Began as a Kobold Delver on Dec 27, 2022.
             Mangled by Duvessa
             ... wielding a +0 rapier
              (14 damage)
             ... on level 4 of the Dungeon.
             The game lasted 00:07:55 (4289 turns).

sokol815 the Slicer (Kobold Delver)                 Turns: 4289, Time: 00:07:55

Health: -6/41      AC:  4    Str:  9    XL:     7   Next: 47%
Magic:  7/7        EV: 29    Int: 12    God:
Gold:   215        SH:  0    Dex: 18    Spells: 6/6 levels left

rFire   . . .      SeeInvis .    a - +1 short sword (speed)
rCold   . . .      Faith    .    (no shield)
rNeg    . . .      Spirit   .    b - +0 leather armour
rPois   .          Reflect  .    (no helmet)
rElec   .          Harm     .    e - +0 cloak
rCorr   .          Rampage  .    (no gloves)
Will    .....                    (no boots)
Stlth   ++++                     h - amulet of the acrobat
HPRegen 0.26/turn                j - ring of flight {+Fly, !d}
MPRegen 0.10/turn                (no ring)

@: about to teleport, acrobatic, attractive, flying
A: small, no large weapons, nightstalker 3
a: no special abilities


You were on level 4 of the Dungeon.
You visited 1 branch of the dungeon, and saw 5 of its levels.

You collected 215 gold pieces.

Inventory:

Hand Weapons
 a - a +1 short sword of speed (weapon)
   (You took it off a kobold on level 4 of the Dungeon)
 f - a +0 short sword
 m - a +3 dagger
   (You found it on level 4 of the Dungeon)
 o - a +4 whip
   (You took it off a kobold on level 3 of the Dungeon)
 q - a +0 rapier of venom
   (You took it off Eustachio on level 4 of the Dungeon)
Missiles
 g - 15 poisoned darts
 n - 5 datura-tipped darts
 s - 24 stones
Armour
 b - a +0 leather armour (worn)
 e - a +0 cloak (worn)
   (You found it on level 4 of the Dungeon)
Magical Staves
 k - a staff of cold {rC+}
   (You found it on level 3 of the Dungeon)
Jewellery
 h - an amulet of the acrobat (around neck)
   (You found it on level 1 of the Dungeon)
 j - a ring of flight (left hand) {+Fly, !d}
   (You took it off a goblin on level 3 of the Dungeon)
Wands
 d - a wand of digging (3)
Scrolls
 c - 3 scrolls of fog
 r - a scroll of poison {unknown}
 D - 2 scrolls of blinking {!r}
 E - 2 scrolls of fear
 X - 2 scrolls of magic mapping {@r4!r}
Potions
 i - a potion of attraction {!q}
 l - a potion of berserk rage {unknown}
 p - a potion of might {unknown}
 B - 2 potions of brilliance


   Skills:
 + Level 3.3 Fighting
 - Level 10.0 Short Blades
 + Level 2.5 Dodging
 + Level 6.6 Stealth


You had 6 spell levels left.
You didn't know any spells.
Your spell library contained the following spells:

 Spells                   Type           Power      Damage    Failure   Level
 Sandblast                Erth           0%         2d4       43%         1
 Sting                    Tmut/Pois      0%         1d3       43%         1
 Passwall                 Tmut/Erth      0%         N/A       56%         2
 Poisonous Vapours        Pois/Air       0%         N/A       56%         2
 Stone Arrow              Conj/Erth      0%         3d7       80%         3
 Olgreb's Toxic Radiance  Pois           0%         N/A       99%         4


Dungeon Overview and Level Annotations

Branches:
Dungeon (5/15) Zot: 23369
 Temple: D:4-7

Altars:
Zin

Shops:
D:4 :

Annotations:
D:4 Duvessa


Innate Abilities, Weirdness & Mutations

You are small and have problems with some larger weapons.
You are completely attuned to the shadows.


Message History

You see here a worm corpse.
Natasha, Servant of Life and Death comes into view.
No target in view!
No target in view!
No target in view!
You see here a +0 club.
You catch the helpless Natasha completely off-guard!
You impale Natasha!!
You kill Natasha!
Natasha yowls pathetically as she dies!
No target in view!
Things that are here:
a +0 leather armour; a +0 mace You see here a +0 whip.
You reach down and open the door.
Duvessa and Dowan come into view.
No reachable target in view!
There is an open door here.
The helpless Dowan fails to defend himself.
You stick Dowan like a pincushion!!!
You kill Dowan!
Duvessa screams, "No!
How DARE you!"
Duvessa goes berserk!
Training target 10.0 for Short Blades reached!
Your Short Blades skill increases to level 10!
You need to enable at least one skill for training.
Duvessa hits you with a +0 rapier!
You take 15 damage, and have 26/41 hp.
MASSIVE DAMAGE!!
Okay, then.
You can't see any enemies this would affect, really read the scroll of fear?
Okay, then.
Really read
D - 3 scrolls of blinking {!r}?
Blink to where?
As you read the scroll of blinking {!r}, it crumbles to dust.
As you read the scroll of teleportation {@r3}, it crumbles to dust.
You feel strangely unstable. Duvessa attacks as you move away!
Duvessa completely misses you.
Your surroundings suddenly seem different.
You hear a shout!
You start resting.
You hear a shout! x22
Health restored: 41 You hear a shout!
You hear a shout!
You hear a shout!
You hear a shout!
You hear a shout! x2
You see here a +0 trident.
You hear a shout!
It was a potion of attraction.
You feel attractive to monsters. Duvessa hits you with a +0 rapier!
You take 12 damage, and have 29/41 hp.
MASSIVE DAMAGE!!
You hit Duvessa but do no damage. You puncture Duvessa!
Duvessa barely misses you.
You hit Duvessa but do no damage. You hit Duvessa.
Duvessa hits you with a +0 rapier!
You take 16 damage, and have 13/41 hp.
MASSIVE DAMAGE!!
You feel much better. Duvessa barely misses you.
You regained 20 hp, and now have 33/41 hp.
You hit Duvessa but do no damage. Duvessa barely misses you.
You closely miss Duvessa. You closely miss Duvessa. You closely miss Duvessa.
Duvessa closely misses you.
You hit Duvessa. You hit Duvessa. Duvessa hits you with a +0 rapier!
You take 11 damage, and have 23/41 hp.
MASSIVE DAMAGE!!
You hit Duvessa but do no damage. You hit Duvessa but do no damage.
Duvessa misses you.
You hit Duvessa but do no damage. You barely miss Duvessa. Duvessa misses you.
You barely miss Duvessa. You hit Duvessa. You hit Duvessa.
Duvessa hits you with a +0 rapier!
You take 10 damage, and have 13/41 hp.
MASSIVE DAMAGE!!
You hit Duvessa. You hit Duvessa but do no damage.
Duvessa hits you with a +0 rapier!
* * * LOW HITPOINT WARNING * * *
You take 7 damage, and have 6/41 hp.
You barely miss Duvessa.
You feel much better. Duvessa misses you. Duvessa closely misses you.
You regained 22 hp, and now have 29/41 hp.
You hit Duvessa. You barely miss Duvessa. Duvessa misses you.
You hit Duvessa but do no damage. You hit Duvessa.
Duvessa hits you with a +0 rapier!
You take 16 damage, and have 13/41 hp.
MASSIVE DAMAGE!!
As you read the scroll of teleportation {@r3}, it crumbles to dust.
You feel strangely unstable. Duvessa closely misses you.
Duvessa attacks as you move away! Duvessa hits you with a +0 rapier.
* * * LOW HITPOINT WARNING * * *
Duvessa hits you with a +0 rapier!
You die...

#.......#.# #..#
#.#####.##.# #.......#.#
#.## #.......##<#
#...†...#.# #.#
##########.###
#..._...^.####.# #...#
#.).....#...)..#
########.#
#.......#..##..#
#........#
#.......#.###..####
#.########
####^####..>..#...######.#
..........##....@e.....#.#
##.###........#####'##.#.#
#..###...###.# #)^.#.#.#
###.....#[....# +...#.#.#
.....###.####.# #...#.#.#
###### #.# #.# +...#.#.#
#.# #.# #.#.# #.#
#.########.#.# #.#
#..........#.#


You could see Duvessa (berserk).

Vanquished Creatures
  Eustachio (D:4)
  A scorpion (D:4)
  Dowan (D:4)
  An orc priest (D:4)
  An iguana (D:4)
  Natasha (twice) (D:4)
  3 adders
  An ufetubus (D:3)
  4 worms
  3 dart slugs
  12 orcs
  11 ball pythons
  6 endoplasms
  7 giant cockroaches
  11 goblins
  9 hobgoblins
  8 kobolds
  4 quokkas
  6 bats
  6 frilled lizards
  5 rats
103 creatures vanquished.

Notes
Turn   | Place    | Note
-------+----------+-------------------------------------------
     0 | D:5      | sokol815 the Kobold Delver began the quest for the Orb.
     0 | D:5      | Reached XP level 1. HP: 14/14 MP: 1/1
    28 | D:4      | Reached skill level 3 in Short Blades
    79 | D:4      | Noticed Natasha
   161 | D:3      | Reached XP level 2. HP: 17/19 MP: 2/2
   167 | D:3      | Reached skill level 4 in Short Blades
   333 | D:2      | Reached XP level 3. HP: 23/23 MP: 3/3
   553 | D:1      | Reached skill level 5 in Short Blades
   699 | D:1      | Reached XP level 4. HP: 21/28 MP: 4/4
  1831 | D:2      | Reached skill level 6 in Short Blades
  2155 | D:3      | Reached XP level 5. HP: 28/32 MP: 5/5
  2822 | D:3      | Reached skill level 7 in Short Blades
  3513 | D:4      | Noticed Eustachio
  3530 | D:4      | Killed Eustachio
  3531 | D:4      | Reached skill level 8 in Short Blades
  3531 | D:4      | Reached XP level 6. HP: 28/37 MP: 6/6
  3769 | D:4      | Reached skill level 9 in Short Blades
  3821 | D:4      | Found Saismu's Self-Improvement Boutique.
  3969 | D:4      | Reached XP level 7. HP: 41/41 MP: 7/7
  3981 | D:4      | Killed Natasha
  4034 | D:4      | Found a glowing silver altar of Zin.
  4071 | D:4      | Noticed Natasha
  4077 | D:4      | Killed Natasha
  4180 | D:4      | Noticed Duvessa
  4180 | D:4      | Noticed Dowan
  4182 | D:4      | Killed Dowan
  4183 | D:4      | Reached skill level 10 in Short Blades
  4281 | D:4      | HP: 6/41 [Duvessa/+0 rapier (7)]
  4289 | D:4      | HP: 7/41 [Duvessa/+0 rapier (6)]
  4289 | D:4      | Mangled by Duvessa

Illustrated notes

Levels and vault maps discovered:
D:1:      amcnicky_arrival_blooded_trapdoor, layout_basic
D:2:      layout_loops_ring, grunt_ministairs_2
D:3:      minmay_chambers_of_twos, layout_basic, minmay_misc_feat_pillars,
          minmay_distorted
D:4:      dreamdust_elfheim, layout_loops_ring, lemuel_tele_altar,
          nicolae_shop_self_help, uniq_eustachio, uniq_natasha, uniq_duvessa
D:5:      layout_basic, minmay_temple_entry_purple_smoke, uniq_ijyb

Skill      XL: |  1  2  3  4  5  6  7 |
---------------+----------------------+-----
Short Blades   | 3 4 5 6 8 9 10 | 10.0
Fighting       | |  3.3
Dodging        | |  2.5
Stealth        | |  6.6

Action                   |  1- 3 |  4- 6 |  7- 9 || total
-------------------------+-------+-------+-------++-------
Melee: Dagger            |    51 |   144 |       ||   195
       Short sword       |     2 |    28 |    51 ||    81
       Punch             |       |     3 |       ||     3
Throw: Stone             |     1 |       |       ||     1
  Use: Scroll            |       |     5 |     3 ||     8
       Potion            |       |     1 |     3 ||     4
 Stab: Sleeping          |    12 |    31 |     2 ||    45
       Distracted        |     1 |     1 |     1 ||     3
Armor: Leather armour    |    12 |    13 |       ||    25
Dodge: Dodged            |    23 |    72 |    16 ||   111

Table legend: (Time is in decaauts)
 A = Elapsed time spent in this place.
 B = Non-inter-level travel time spent in this place.
 C = Inter-level travel time spent in this place.
 D = Time resting spent in this place.
 E = Time spent auto-exploring this place.
 F = Levels seen in this place.
 G = Mean time per level.
                   A        B        C        D        E       F      G
               +--------+--------+--------+--------+--------+-----+--------+
         Total |   4157 |   4055 |    102 |    313 |   3148 |   5 |  831.4 |
       Dungeon |   4157 |   4055 |    102 |    313 |   3148 |   5 |  831.4 |
               +--------+--------+--------+--------+--------+-----+--------+

Top non-repeatable levels by time:
     D:3: 1312 daAuts
     D:4: 1003 daAuts
     D:1: 969 daAuts
     D:2: 848 daAuts
     D:5: 23 daAuts

Table legend:
 A = Kills in this place as a percentage of kills in entire the game.
 B = Kills by you in this place as a percentage of kills by you in the entire game.
 C = Kills by friends in this place as a percentage of kills by friends in the entire game.
 D = Other kills in this place as a percentage of other kills in the entire game.
 E = Experience gained in this place as a percentage of experience gained in the entire game.
 F = Experience gained in this place divided by the number of levels of this place that you have seen.
                   A       B       C       D       E      F
               +-------+-------+-------+-------+-------+----------------------
         Total | 100.0 | 100.0 |   N/A |   N/A | 100.0 | 150.2
       Dungeon | 100.0 | 100.0 |   N/A |   N/A | 100.0 | 150.2
               +-------+-------+-------+-------+-------+----------------------
